 Dungeon Crawl Stone Soup version 0.22.0-75-g3901e79 (webtiles) character file.

2265 Fuodd the Cleaver (level 9, -3/78 HPs)
             Began as a Hill Orc Fighter on Sept 11, 2018.
             Was a Follower of Beogh.
             Slain by a vampire (5 damage)
             ... on level 10 of the Dungeon.
             The game lasted 00:49:58 (7915 turns).

Fuodd the Cleaver (Hill Orc Fighter)                Turns: 7915, Time: 00:49:58

Health: -3/78      AC: 12    Str: 22    XL:     9   Next: 38%
Magic:  0/9        EV:  5    Int:  8    God:    Beogh [*.....]
Gold:   360        SH: 16    Dex: 10    Spells: 6/8 levels left

rFire    . . .     SeeInvis +   a - +0 war axe
rCold    . . .     Gourm    .   k - +0 large shield
rNeg     . . .     Faith    .   A - +0 chain mail
rPois    .         Spirit   +   g - +0 helmet
rElec    .         Reflect  .   (no cloak)
rCorr    .         Harm     .   o - +0 pair of gloves
MR       .....                  (no boots)
Stlth    ..........             r - amulet of guardian spirit
HPRegen  0.23/turn              l - ring of wizardry
MPRegen  0.11/turn              x - ring of see invisible

@: no status effects
A: no striking features
a: Renounce Religion


You were on level 10 of the Dungeon.
You worshipped Beogh.
Beogh was aware of your devotion.
You were hungry.

You visited 2 branches of the dungeon, and saw 9 of its levels.
You also visited: Ossuary.

You collected 360 gold pieces.

Inventory:

Hand Weapons
 a - a +0 war axe (weapon)
 q - a +1 whip of electrocution
 u - a +1 flail of draining
Armour
 b - a +0 scale mail
 g - a +0 helmet (worn)
 k - a +0 large shield (worn)
 o - a +0 pair of gloves (worn)
 y - a +1 scale mail of fire resistance
 A - a +0 chain mail (worn)
Jewellery
 l - a ring of wizardry (left hand)
 r - an amulet of guardian spirit (around neck)
 x - a ring of see invisible (right hand)
 I - an uncursed ring of protection from magic {unknown}
Wands
 w - a wand of paralysis (17)
Scrolls
 m - a scroll of fog {unknown}
 n - a scroll of magic mapping
 s - 2 scrolls of fear {unknown}
 t - 2 scrolls of teleportation
 v - 6 scrolls of remove curse
 C - a scroll of identify
 F - a scroll of enchant weapon {unknown}
 G - a scroll of noise {unknown}
Potions
 c - a potion of ambrosia {unknown}
 d - 3 potions of might
 e - a potion of berserk rage
 h - 5 potions of curing
 i - 3 potions of mutation
 j - a potion of cancellation
 p - 2 potions of degeneration
 z - 2 potions of haste
 D - a potion of resistance {unknown}
 E - a potion of brilliance {unknown}
 H - a potion of magic {unknown}
Comestibles
 f - 11 rations
 J - 5 chunks of flesh


   Skills:
 + Level 6.7 Fighting
 + Level 10.9 Axes
 + Level 5.5 Armour
 + Level 1.4 Dodging
 + Level 0.1 Stealth
 + Level 7.4 Shields


You had 6 spell levels left.
You knew the following spells:

 Your Spells              Type           Power        Failure   Level  Hunger
a - Blink                 Tloc           N/A          100%        2    ###....

Your spell library contained the following spells:

 Spells                   Type           Power        Failure   Level  Hunger
 Corona                   Hex            #......      100%        1    ##.....
 Magic Dart               Conj           #...         100%        1    ##.....
 Call Imp                 Summ           #.......     100%        2    ###....
 Ensorcelled Hibernation  Hex/Ice        #.....       100%        2    ###....
 Slow                     Hex            #.......     100%        2    ###....
 Confuse                  Hex            #.......     100%        3    ####...
 Conjure Flame            Conj/Fire      #.......     100%        3    ####...
 Dazzling Spray           Conj/Hex       #.....       100%        3    ####...
 Mephitic Cloud           Conj/Pois/Air  #.......     100%        3    ####...
 Tukima's Dance           Hex            #.......     100%        3    ####...


Dungeon Overview and Level Annotations

Branches:
Dungeon (7/15)             Temple (1/1) D:7            Lair (0/6) D:10

Altars:
Ashenzari
Cheibriados
Dithmenos
Elyvilon
Fedhas
Gozag
Hepliaklqana
Kikubaaqudgha
Makhleb
Nemelex Xobeh
Okawaru
Qazlal
Ru
Sif Muna
Trog
Uskayaw
Vehumet
Wu Jian
Xom
Yredelemnul
Zin
The Shining One

Annotations:
D:7 Joseph


Message History

The vampire is heavily damaged.
You block the vampire's attack. x2
You closely miss the vampire.
The vampire is moderately damaged.
You block the vampire's attack. The vampire bites you.
* * * LOW HITPOINT WARNING * * *
The vampire draws strength from your injuries!
You slash the vampire!
The vampire is severely damaged.
The vampire is infused with unholy energy.
* * * LOW HITPOINT WARNING * * *
The vampire draws life force from you and is healed!
You barely miss the vampire.
The vampire is heavily damaged.
You block the vampire's attack.
The vampire bites you but does no damage.
You hit the vampire.
The vampire is heavily damaged.
You block the vampire's attack. The vampire bites you.
You die...

######+##+###
........#...#
........#.V.#
........#@..###
).......'.....#
...)....###+#.######
......†.............
..............###...
...........#...≈..
..........#..#...#
..........#.##PP.#
..........#..


PPP.. You could see a vampire.

Vanquished Creatures
  A hippogriff (D:7)
  An ice beast (D:5)
  2 sky beasts
  A necrophage (D:10)
  An ogre (D:7)
  A centaur (D:7)
  4 big kobolds
  2 elf zombies (Ossuary)
  2 bullfrogs (D:7)
  A scorpion (D:5)
  A howler monkey (D:5)
  A centaur zombie (D:5)
  5 crimson imps
  4 hounds
  A bullfrog zombie (D:5)
  A quasit (D:5)
  Jessica (D:2)
  4 iguanas
  5 worker ants
  A hound zombie (D:7)
  A hound skeleton (D:7)
  3 mummies (Ossuary)
  5 adders
  3 oozes
  2 adder zombies (Ossuary)
  An adder skeleton (D:4)
  4 worms
  2 dart slugs
  3 leopard geckos (D:3)
  28 orcs
  8 bats
  6 giant cockroaches
  11 goblins
  12 hobgoblins
  4 jackals (D:6)
  2 quokkas
  2 ball pythons (D:2)
  4 frilled lizards
  2 goblin zombies (Ossuary)
  3 hobgoblin zombies (Ossuary)
  21 kobolds
  A kobold zombie (Ossuary)
  2 leopard gecko skeletons (D:5)
  A quokka skeleton (D:4)
  6 quokka zombies
  14 rats
  3 rat zombies (Ossuary)
194 creatures vanquished.

Vanquished Creatures (others)
  An orc wizard (D:6)
  4 orcs (D:6)
  A ball python (D:6)
  6 kobolds (D:6)
  A quokka skeleton (D:6)
13 creatures vanquished.

Grand Total: 207 creatures vanquished

Notes
Turn   | Place    | Note
-------+----------+-------------------------------------------
     0 | D:1      | Fuodd the Hill Orc Fighter began the quest for the Orb.
     0 | D:1      | Reached XP level 1. HP: 19/19 MP: 1/1
    79 | D:1      | Reached XP level 2. HP: 27/27 MP: 2/2
   152 | D:1      | Reached skill level 3 in Axes
   394 | D:1      | Reached XP level 3. HP: 30/33 MP: 3/3
  1344 | D:2      | Reached skill level 4 in Axes
  1436 | D:2      | Reached XP level 4. HP: 40/40 MP: 4/4
  1463 | D:2      | Noticed Jessica
  1481 | D:2      | Killed Jessica
  2151 | D:3      | Reached XP level 5. HP: 29/47 MP: 5/5
  2348 | D:3      | Found a blossoming altar of Fedhas.
  2533 | D:3      | Reached skill level 5 in Axes
  3122 | D:4      | Found a shimmering altar of Xom.
  3404 | D:4      | Reached XP level 6. HP: 53/53 MP: 6/6
  3867 | D:4      | Found a shimmering altar of Xom.
  3867 | D:4      | Found a shimmering altar of Xom.
  3868 | D:4      | Found a shimmering altar of Xom.
  4264 | D:5      | Entered Level 5 of the Dungeon
  4386 | D:5      | Reached skill level 6 in Axes
  4776 | D:5      | Noticed an ice beast
  4789 | D:5      | Killed an ice beast
  4789 | D:5      | Reached skill level 5 in Shields
  4792 | D:5      | Reached XP level 7. HP: 36/60 MP: 7/7
  5166 | D:5      | Reached skill level 7 in Axes
  5166 | D:5      | Reached skill level 1 in Dodging
  5424 | D:5      | Reached skill level 5 in Fighting
  5599 | D:6      | Found a sand-covered staircase.
  5605 | Ossuary  | Entered an ossuary
  5613 | Ossuary  | Reached XP level 8. HP: 54/68 MP: 5/8
  5721 | Ossuary  | Reached skill level 8 in Axes
  6044 | D:6      | Became a worshipper of Beogh the Brigand
  6331 | D:6      | Reached skill level 5 in Armour
  6369 | D:6      | Reached skill level 9 in Axes
  6588 | D:6      | Found a shattered altar of Ashenzari.
  6592 | D:6      | Saw a vision of the Shoals and the Spider Nest.
  6592 | D:6      | Noticed a redback
  6592 | D:6      | Noticed a hippogriff
  6592 | D:6      | Noticed a wolf spider
  6593 | D:6      | Noticed a merfolk
  6987 | D:7      | Found a staircase to the Ecumenical Temple.
  7011 | Temple   | Entered the Ecumenical Temple
  7274 | D:7      | Noticed Joseph
  7406 | D:7      | Reached skill level 10 in Axes
  7406 | D:7      | Reached XP level 9. HP: 51/75 MP: 6/9
  7408 | D:7      | Reached * piety under Beogh
  7839 | D:7      | You fall through a shaft for 3 floors!
  7839 | D:10     | Entered Level 10 of the Dungeon
  7839 | D:10     | Found a staircase to the Lair.
  7871 | D:10     | Learned a level 2 spell: Blink
  7898 | D:10     | HP: 1/78 [vampire/vampiric draining (9)]
  7913 | D:10     | HP: 2/78 [vampire/vampiric draining (8)]
  7915 | D:10     | Slain by a vampire

Skill      XL: |  1  2  3  4  5  6  7  8 |
---------------+-------------------------+-----
Fighting       | 4 5 6 |  6.7
Axes           | 3 4 5 6 7 10 | 10.9
Shields        | 4 5 7 |  7.4
Armour         | 4 5 |  5.5
Dodging        | 1 |  1.4
Stealth        | |  0.1

Action                   |  1- 3 |  4- 6 |  7- 9 || total
-------------------------+-------+-------+-------++-------
Melee: War axe           |   103 |   269 |   433 ||   805
Invok: Convert to Beogh  |       |       |     1 ||     1
  Use: Scroll            |       |       |     8 ||     8
       Potion            |       |       |     2 ||     2
  Eat: Chunk             |     2 |    11 |     7 ||    20
       Ration            |       |       |     1 ||     1
Armor: Scale mail        |    41 |   127 |    29 ||   197
       Chain mail        |       |       |   119 ||   119
Dodge: Dodged            |    20 |    52 |    45 ||   117
Block: Shield            |    43 |       |       ||    43
       Large shield      |    13 |   230 |   324 ||   567
